 Dungeon Crawl Stone Soup version 0.30-a0-165-g1891117ce2 (webtiles) character file.

Game seed: 16166361571438888956

7259 qw the Cleaver (level 11, -2/69 HPs)
             Began as a Gargoyle Fighter on Sept 28, 2022.
             Was an Elder of Okawaru.
             Slain by Snorg (16 damage)
             ... on level 10 of the Dungeon.
             The game lasted 00:03:13 (8754 turns).

qw the Cleaver (Gargoyle Fighter)                   Turns: 8754, Time: 00:03:14

Health: -2/69      AC: 26    Str: 24    XL:     11   Next: 12%
Magic:  14/14      EV:  9    Int:  9    God:    Okawaru [****..]
Gold:   343        SH:  6    Dex:  9    Spells: 10/10 levels left

rFire   . . .      SeeInvis .    o - +0 war axe (vamp)
rCold   . . .      Faith    .    c - +0 buckler
rNeg    + . .      Spirit   .    a - +0 plate armour
rPois   inf        Reflect  .    (no helmet)
rElec   +          Harm     .    v - +0 cloak
rCorr   .          Rampage  .    (no gloves)
Will    .....                    x - +0 pair of boots "Miclutt" {rPois Slay+2}
Stlth   ..........               k - amulet of the acrobat
HPRegen 0.21/turn                (no ring)
MPRegen 0.14/turn                (no ring)

@: heroic
A: sickness immunity, AC +8, negative energy resistance 1, electricity
resistance, torment resistance 1, petrification resistance
a: Renounce Religion, Heroism, Finesse


You were on level 10 of the Dungeon.
You worshipped Okawaru.
Okawaru was greatly pleased with you.
You visited 1 branch of the dungeon, and saw 10 of its levels.

You collected 511 gold pieces.
You spent 168 gold pieces at shops.


Innate Abilities, Weirdness & Mutations

You are immune to sickness and miasma.
Your stone body is resilient. (AC +8)
You are immune to poison.
You resist negative energy. (rN+)
You are resistant to electric shocks. (rElec)
You are resistant to unholy torment.
You are immune to petrification.


   Skills:
 - Level 8.5(13.5) Fighting
 + Level 10.5(15.5) Axes
 - Level 4.2(9.2) Throwing
 - Level 7.5(12.5) Armour
 - Level 1.7(6.7) Dodging
 - Level 5.0(10.0) Shields
 + Level 5.3 Invocations


You had 10 spell levels left.
You didn't know any spells.
Your spell library was empty.

Inventory:

Hand Weapons
 o - a +0 vampiric war axe (weapon)
 t - a +0 morningstar of protection
Missiles
 e - a javelin (quivered)
 m - a boomerang
 p - a silver boomerang
Armour
 a - a +0 plate armour (worn)
 c - a +0 buckler (worn)
 v - a +0 cloak (worn)
 x - the +0 pair of boots "Miclutt" (worn) {rPois Slay+2}
   (You found it on level 7 of the Dungeon)

   Slay:      It affects your accuracy & damage with ranged weapons and melee
   (+2).
   rPois:     It protects you from poison.
Jewellery
 k - an amulet of the acrobat (around neck)
Scrolls
 h - 4 scrolls of identify
 l - a scroll of enchant weapon {unknown}
 r - a scroll of brand weapon
 u - 4 scrolls of teleportation
Potions
 b - 2 potions of mutation
 d - 3 potions of might
 f - a potion of cancellation
 g - a potion of lignification
 i - 2 potions of curing
 j - 4 potions of heal wounds
 q - a potion of haste

Dungeon Overview and Level Annotations

Branches:
Dungeon (10/15)            Temple (0/1) D:7             Orc (0/2) D:9
   Lair: D:8-11

Altars:
Dithmenos
Fedhas
Hepliaklqana
Kikubaaqudgha
Okawaru
Ru

Shops:
D:9 ?

Annotations:
D:2 1 runed translucent door, Crazy Yiuf
D:10 Snorg


Message History

You slash Snorg!
Snorg is severely wounded.
You closely miss the orc. You completely miss something.
Snorg bites you but does no damage. Snorg claws you but does no damage.
You block Snorg's attack. Something hits you but does no damage.
The orc hits you but does no damage. Snorg closely misses you. Snorg claws you.
Snorg barely misses you.
You slash Snorg!
You feel better.
Snorg is severely wounded.
You slash something!
You feel better.
You hit the orc. You block Snorg's attack. Snorg claws you.
Snorg barely misses you. Something hits you but does no damage.
You block the orc's attack.
You hit the orc but do no damage.
The orc is almost dead.
You slash something! Okawaru accepts your kill.
Reactivating autopickup.
You feel a bit more experienced.
You closely miss Snorg. You block Snorg's attack.
Snorg claws you but does no damage. Snorg claws you.
You hit the orc but do no damage.
The orc is almost dead.
You slash Snorg!
You feel better. The orc misses you. Snorg bites you but does no damage.
Snorg claws you but does no damage. Snorg claws you!
You slash Snorg!
You feel better.
Snorg is almost dead.
You slash the orc!
You kill the orc!
You block Snorg's attack. Snorg claws you but does no damage. x2
You closely miss Snorg.
Snorg is almost dead.
Snorg bites you. Snorg claws you. Snorg claws you!
You closely miss Snorg.
Snorg is almost dead.
Snorg barely misses you. x3
You hit Snorg.
You feel better.
Snorg is almost dead.
Snorg bites you. Snorg claws you. Snorg claws you! Snorg bites you!
Snorg claws you!
You die...

##..................###..
##...........>........#...
##...).....................
##..........................
#...........................
#............................
#........%~~..................
.........~~~....#.............
.........~~~.@.###....###.....
...........)T).#..... #.....
................... #.....
................... ........
................... ........
................ ........
.....(.(....... ......<.
............... ........


You could see Snorg (berserk).

Vanquished Creatures
  3 two-headed ogres (D:9)
  2 wyverns (D:8)
  10 yaks
  4 water moccasins
  4 orc warriors
  3 ice beasts (D:6)
  4 black bears
  A centaur (D:8)
  2 phantoms
  A kobold brigand (D:10)
  2 bullfrogs (D:7)
  2 scorpions
  A necrophage (D:7)
  13 killer bees
  An electric eel (D:10)
  4 howler monkeys
  2 jellies (D:8)
  A gnoll bouda (D:9)
  6 orc priests
  3 hounds
  5 orc wizards
  4 iguanas
  16 adders
  14 gnolls
  2 shadow imps
  2 white imps (D:7)
  A worm (D:3)
  A dart slug (D:1)
  25 orcs
  3 bats (D:3)
  4 endoplasms
  2 giant cockroaches
  9 goblins
  9 hobgoblins
  7 jackals (D:1)
  A quokka (D:4)
  13 ball pythons
  4 frilled lizards
  11 kobolds
  5 rats
207 creatures vanquished.

Vanquished Creatures (others)
  A plant (D:4)
1 creature vanquished.

Grand Total: 208 creatures vanquished

Notes
Turn   | Place    | Note
-------+----------+-------------------------------------------
     0 | D:1      | qw the Gargoyle Fighter began the quest for the Orb.
     0 | D:1      | Reached XP level 1. HP: 14/14 MP: 1/1
     0 | D:1      | 0 ||| qw: Version: 0.2-a-12-gaebbb33
     0 | D:1      | 0 ||| qw: Game counter: 895
     0 | D:1      | 0 ||| qw: Always use a shield: true
     0 | D:1      | 0 ||| qw: God list: Okawaru
     0 | D:1      | 0 ||| qw: Allow faded altars: false
     0 | D:1      | 0 ||| qw: Do Orc after D:15 true
     0 | D:1      | 0 ||| qw: Do second Lair branch before Depths: true
     0 | D:1      | 0 ||| qw: Lair rune preference: random
     0 | D:1      | 0 ||| qw: Plans: Normal, Zot:1-4, God:TSO, Crypt, Tomb,
                  | Pan, Slime:5, Hells, Abyss, Orb
     0 | D:1      | 0 ||| PLANNING D:1-11
    46 | D:1      | 46 ||| Stepping ~*~*~tactically~*~*~ (stealth).
    57 | D:1      | Reached skill level 2 in Axes
   106 | D:1      | Reached XP level 2. HP: 19/19 MP: 2/2
   255 | D:1      | 255 ||| Stepping ~*~*~tactically~*~*~ (hiding).
   411 | D:1      | Reached skill level 3 in Axes
   414 | D:1      | Reached XP level 3. HP: 20/23 MP: 3/3
   485 | D:1      | 485 ||| Stepping ~*~*~tactically~*~*~ (stealth).
   486 | D:1      | 486 ||| Stepping ~*~*~tactically~*~*~ (stealth).
   744 | D:1      | Found a faded altar of an unknown god.
   844 | D:1      | 844 ||| READING 2 scrolls labelled MEUKIRCH PUWY.
   847 | D:1      | 847 ||| READING scroll labelled JAOBAT AJAQINN.
   848 | D:1      | 848 ||| READING scroll labelled RIPTAL AKIRR.
   849 | D:1      | 849 ||| DRINKING 3 purple potions.
  1441 | D:2      | Reached XP level 4. HP: 28/28 MP: 4/4
  1478 | D:2      | Reached skill level 4 in Axes
  1660 | D:2      | Found a hazy altar of Hepliaklqana.
  1722 | D:2      | Found a runed translucent door.
  1723 | D:2      | Noticed Crazy Yiuf
  1879 | D:2      | Reached XP level 5. HP: 32/32 MP: 5/5
  1964 | D:2      | 1964 ||| UPGRADING to +0 pair of boots.
  1969 | D:2      | 1969 ||| UPGRADING to amulet of the acrobat.
  1974 | D:2      | 1974 ||| READING scroll labelled QUKIPRORUI.
  2034 | D:2      | 2034 ||| DRINKING 2 smoky orange potions.
  2065 | D:2      | 2065 ||| READING 2 scrolls of identify.
  2065 | D:2      | 2065 ||| IDENTIFYING viscous cyan potion
  2066 | D:2      | 2066 ||| DROPPING potion of flight.
  2282 | D:3      | Noticed an orc warrior
  2294 | D:3      | HP: 6/32 [orc warrior/+0 hand axe (3)]
  2295 | D:3      | 2295 ||| READING 2 scrolls of teleportation.
  2296 | D:3      | Killed an orc warrior
  2297 | D:3      | Reached XP level 6. HP: 7/37 MP: 6/6
  2299 | D:3      | 2299 ||| READING scroll of teleportation.
  2605 | D:3      | 2605 ||| Stepping ~*~*~tactically~*~*~ (stealth).
  2629 | D:3      | 2629 ||| Stepping ~*~*~tactically~*~*~ (stealth).
  2655 | D:3      | 2655 ||| Stepping ~*~*~tactically~*~*~ (stealth).
  2657 | D:3      | 2657 ||| Stepping ~*~*~tactically~*~*~ (hiding).
  2809 | D:3      | 2809 ||| DROPPING +0 whip.
  2944 | D:3      | 2944 ||| UPGRADING to +0 plate armour.
  2954 | D:3      | 2954 ||| DROPPING +0 scale mail.
  2955 | D:3      | 2955 ||| READING scroll labelled JAINNUSAME.
  2956 | D:3      | 2956 ||| READING scroll labelled LUITHR DAUPT.
  2977 | D:4      | 2977 ||| Stepping ~*~*~tactically~*~*~ (stealth).
  2980 | D:4      | 2980 ||| Stepping ~*~*~tactically~*~*~ (stealth).
  2981 | D:4      | 2981 ||| Stepping ~*~*~tactically~*~*~ (stealth).
  2982 | D:4      | 2982 ||| Stepping ~*~*~tactically~*~*~ (stealth).
  2988 | D:4      | Reached skill level 5 in Axes
  2997 | D:4      | Noticed a black bear
  2998 | D:4      | 2998 ||| Stepping ~*~*~tactically~*~*~ (stealth).
  2999 | D:4      | 2999 ||| Stepping ~*~*~tactically~*~*~ (stealth).
  3000 | D:4      | 3000 ||| Stepping ~*~*~tactically~*~*~ (stealth).
  3001 | D:4      | 3001 ||| Stepping ~*~*~tactically~*~*~ (stealth).
  3008 | D:4      | 3008 ||| Stepping ~*~*~tactically~*~*~ (stealth).
  3009 | D:4      | Killed a black bear
  3010 | D:4      | Reached XP level 7. HP: 34/43 MP: 7/7
  3080 | D:4      | 3080 ||| Stepping ~*~*~tactically~*~*~ (stealth).
  3087 | D:4      | 3087 ||| Stepping ~*~*~tactically~*~*~ (hiding).
  3101 | D:4      | Reached skill level 6 in Axes
  3103 | D:4      | 3103 ||| Stepping ~*~*~tactically~*~*~ (stealth).
  3105 | D:4      | Found a blossoming altar of Fedhas.
  3106 | D:4      | 3106 ||| Stepping ~*~*~tactically~*~*~ (hiding).
  3133 | D:4      | 3133 ||| Stepping ~*~*~tactically~*~*~ (stealth).
  3134 | D:4      | 3134 ||| Stepping ~*~*~tactically~*~*~ (stealth).
  3136 | D:4      | 3136 ||| Stepping ~*~*~tactically~*~*~ (stealth).
  3137 | D:4      | 3137 ||| Stepping ~*~*~tactically~*~*~ (stealth).
  3138 | D:4      | 3138 ||| Stepping ~*~*~tactically~*~*~ (stealth).
  3139 | D:4      | 3139 ||| Stepping ~*~*~tactically~*~*~ (stealth).
  3140 | D:4      | 3140 ||| Stepping ~*~*~tactically~*~*~ (stealth).
  3497 | D:4      | Found an iron altar of Okawaru.
  3498 | D:4      | 3498 ||| PLANNING OKAWARU WORSHIP
  3498 | D:4      | 3498 ||| READING scroll labelled CUBUUWK DACUUSE.
  3499 | D:4      | 3499 ||| DRINKING 2 red potions.
  3500 | D:4      | 3500 ||| READING 2 scrolls of identify.
  3500 | D:4      | 3500 ||| IDENTIFYING bubbling ruby potion
  3508 | D:4      | Became a worshipper of Warmaster Okawaru
  3509 | D:4      | 3509 ||| PLANNING D:1-11
  3537 | D:4      | 3537 ||| Stepping ~*~*~tactically~*~*~ (hiding).
  3728 | D:5      | Entered Level 5 of the Dungeon
  3741 | D:5      | 3741 ||| Stepping ~*~*~tactically~*~*~ (stealth).
  3743 | D:5      | 3743 ||| Stepping ~*~*~tactically~*~*~ (stealth).
  3745 | D:5      | 3745 ||| Stepping ~*~*~tactically~*~*~ (stealth).
  3759 | D:5      | Reached XP level 8. HP: 38/48 MP: 8/8
  3882 | D:5      | Reached skill level 7 in Axes
  3987 | D:5      | 3987 ||| DROPPING +0 flail.
  4795 | D:5      | 4795 ||| READING scroll labelled UCKICR OSUSCH.
  4796 | D:5      | 4796 ||| READING scroll labelled IPHAFUASHA.
  4797 | D:5      | 4797 ||| READING 2 scrolls of identify.
  4797 | D:5      | 4797 ||| IDENTIFYING bubbling clear potion
  4838 | D:6      | 4838 ||| Stepping ~*~*~tactically~*~*~ (hiding).
  4885 | D:6      | 4885 ||| Stepping ~*~*~tactically~*~*~ (stealth).
  4892 | D:6      | Reached * piety under Okawaru
  4893 | D:6      | Reached skill level 1 in Dodging
  5024 | D:6      | Reached skill level 1 in Invocations
  5058 | D:6      | 5058 ||| Stepping ~*~*~tactically~*~*~ (hiding).
  5065 | D:6      | 5065 ||| INVOKING Heroism.
  5111 | D:6      | 5111 ||| DROPPING +1 flail of draining.
  5305 | D:6      | Reached skill level 3 in Invocations
  5332 | D:6      | 5332 ||| Stepping ~*~*~tactically~*~*~ (stealth).
  5456 | D:6      | 5456 ||| READING scroll of enchant armour.
  5456 | D:6      | 5456 ||| ENCHANTING +0 pair of boots.
  5573 | D:6      | 5573 ||| INVOKING Heroism.
  5736 | D:6      | Reached XP level 9. HP: 54/54 MP: 10/12
  5760 | D:6      | 5760 ||| READING 2 scrolls of identify.
  5760 | D:6      | 5760 ||| IDENTIFYING fizzy green potion
  5761 | D:6      | 5761 ||| DROPPING potion of invisibility.
  5794 | D:6      | Reached skill level 8 in Axes
  5817 | D:5      | Found an ancient bone altar of Kikubaaqudgha.
  5877 | D:7      | 5877 ||| INVOKING Heroism.
  5883 | D:7      | Reached ** piety under Okawaru
  5892 | D:7      | Reached skill level 6 in Fighting
  5922 | D:7      | Found a sacrificial altar of Ru.
  6009 | D:7      | 6009 ||| Stepping ~*~*~tactically~*~*~ (stealth).
  6011 | D:7      | 6011 ||| INVOKING Heroism.
  6098 | D:7      | 6098 ||| Stepping ~*~*~tactically~*~*~ (stealth).
  6100 | D:7      | 6100 ||| INVOKING Heroism.
  6137 | D:7      | 6137 ||| INVOKING Heroism.
  6172 | D:7      | Found a staircase to the Ecumenical Temple.
  6173 | D:7      | 6173 ||| INVOKING Heroism.
  6216 | D:7      | Reached skill level 9 in Axes
  6317 | D:7      | 6317 ||| INVOKING Heroism.
  6341 | D:7      | Reached skill level 6 in Armour
  6341 | D:7      | Reached XP level 10. HP: 63/63 MP: 13/13
  6378 | D:7      | 6378 ||| Stepping ~*~*~tactically~*~*~ (hiding).
  6747 | D:7      | Identified the +0 pair of boots "Miclutt" {rPois Slay+2}
  6955 | D:7      | 6955 ||| UPGRADING to +0 cloak.
  6960 | D:7      | 6960 ||| UPGRADING to +0 pair of boots "Miclutt" {rPois
                  | Slay+2}.
  6970 | D:7      | 6970 ||| DROPPING +1 pair of boots.
  6971 | D:7      | 6971 ||| READING scroll labelled TEDWYU DEXZI.
  6972 | D:7      | 6972 ||| READING scroll labelled WYMABBAGOLA.
  7073 | D:7      | 7073 ||| READING 2 scrolls of identify.
  7073 | D:7      | 7073 ||| IDENTIFYING sedimented amethyst potion
  7074 | D:7      | 7074 ||| DROPPING potion of berserk rage.
  7150 | D:8      | 7150 ||| INVOKING Heroism.
  7156 | D:8      | 7156 ||| Stepping ~*~*~tactically~*~*~ (stealth).
  7158 | D:8      | 7158 ||| Stepping ~*~*~tactically~*~*~ (stealth).
  7171 | D:8      | Reached *** piety under Okawaru
  7172 | D:8      | 7172 ||| Stepping ~*~*~tactically~*~*~ (hiding).
  7173 | D:8      | 7173 ||| Stepping ~*~*~tactically~*~*~ (hiding).
  7207 | D:8      | 7207 ||| FLEEEEING.
  7208 | D:8      | 7208 ||| FLEEEEING.
  7209 | D:8      | 7209 ||| FLEEEEING.
  7210 | D:8      | 7210 ||| FLEEEEING.
  7213 | D:8      | 7213 ||| Stepping ~*~*~tactically~*~*~ (hiding).
  7214 | D:8      | 7214 ||| Stepping ~*~*~tactically~*~*~ (hiding).
  7215 | D:8      | 7215 ||| Stepping ~*~*~tactically~*~*~ (hiding).
  7459 | D:8      | Found a shadowy altar of Dithmenos.
  7460 | D:8      | 7460 ||| INVOKING Heroism.
  7496 | D:8      | 7496 ||| INVOKING Heroism.
  7499 | D:8      | Reached skill level 10 in Axes
  7699 | D:8      | 7699 ||| DROPPING orb of wrath.
  7700 | D:8      | 7700 ||| DROPPING scarf of harm.
  7701 | D:8      | 7701 ||| READING 2 scrolls labelled YPEPAB WICUUXT.
  7702 | D:8      | 7702 ||| DROPPING scroll of blinking.
  7753 | D:9      | 7753 ||| INVOKING Heroism.
  7755 | D:9      | 7755 ||| Stepping ~*~*~tactically~*~*~ (stealth).
  7769 | D:9      | 7769 ||| INVOKING Heroism.
  7817 | D:9      | Found a staircase to the Orcish Mines.
  7846 | D:9      | Noticed a two-headed ogre
  7847 | D:9      | 7847 ||| INVOKING Heroism.
  7856 | D:9      | Killed a two-headed ogre
  7947 | D:9      | Noticed a two-headed ogre
  7948 | D:9      | 7948 ||| INVOKING Heroism.
  7954 | D:9      | Killed a two-headed ogre
  8216 | D:9      | Noticed a two-headed ogre
  8217 | D:9      | 8217 ||| INVOKING Heroism.
  8229 | D:9      | Killed a two-headed ogre
  8229 | D:9      | Reached **** piety under Okawaru
  8460 | D:9      | Found Ucidageque's Magic Scroll Shop.
  8469 | D:9      | 8469 ||| BUYING scroll of identify (24 gold).
  8469 | D:9      | Bought a scroll of identify for 24 gold pieces
  8469 | D:9      | 8469 ||| BUYING scroll of identify (24 gold).
  8469 | D:9      | Bought a scroll of identify for 24 gold pieces
  8469 | D:9      | 8469 ||| BUYING scroll of identify (24 gold).
  8469 | D:9      | Bought a scroll of identify for 24 gold pieces
  8469 | D:9      | 8469 ||| BUYING scroll of identify (24 gold).
  8469 | D:9      | Bought a scroll of identify for 24 gold pieces
  8469 | D:9      | 8469 ||| BUYING scroll of teleportation (36 gold).
  8469 | D:9      | Bought a scroll of teleportation for 36 gold pieces
  8469 | D:9      | 8469 ||| BUYING scroll of teleportation (36 gold).
  8469 | D:9      | Bought a scroll of teleportation for 36 gold pieces
  8473 | D:9      | 8473 ||| READING 6 scrolls of identify.
  8473 | D:9      | 8473 ||| IDENTIFYING puce potion
  8474 | D:9      | 8474 ||| READING 5 scrolls of identify.
  8474 | D:9      | 8474 ||| IDENTIFYING pink potion
  8475 | D:9      | 8475 ||| DROPPING potion of brilliance.
  8489 | D:10     | Entered Level 10 of the Dungeon
  8494 | D:10     | 8494 ||| INVOKING Heroism.
  8518 | D:10     | 8518 ||| INVOKING Heroism.
  8536 | D:10     | Reached XP level 11. HP: 69/69 MP: 12/14
  8542 | D:10     | 8542 ||| INVOKING Heroism.
  8549 | D:10     | Received a gift from Okawaru
  8703 | D:10     | 8703 ||| INVOKING Heroism.
  8732 | D:10     | Noticed Snorg
  8733 | D:10     | 8733 ||| INVOKING Heroism.
  8754 | D:10     | HP: 14/69 [Snorg (11)]
  8754 | D:10     | Slain by Snorg

Levels and vault maps discovered:
D:1:      evilmike_arrival_plus, layout_rooms, shapermc_ecumenical_altar_petra
D:2:      layout_loops_ring, basic_altar, hangedman_decor_points,
          kennysheep_big_empty_room, minmay_snake_closets,
          uniq_crazy_yiuf_cottage
D:3:      layout_rooms
D:4:      layout_rooms, okawaru_altar_gauntlet_db, fedhas_altar_1, st_stairs_13
D:5:      layout_cave_pods, nicolae_overflow_hidden_temple,
          reono_crystal_passage
D:6:      layout_loops_ring, kennysheep_generic_room_15
D:7:      kennysheep_spiral_hall, layout_cave_pods,
          mainiacjoe_overflow_small_starburst, minmay_temple_entry_proselytizer,
          serial_column_ruins, column_ruins_hut, column_ruins_columns_straight,
          column_ruins_grid_1, column_ruins_open_tiny, column_ruins_grid_1,
          column_ruins_open_tiny
D:8:      layout_cave_pools, grunt_dithmenos_smoke
D:9:      layout_basic, orc_0_dummy, serial_shops, nicolae_shop_stone
D:10:     layout_big_octagon, amcnicky_altar_gilded, uniq_snorg

Skill      XL: |  1  2  3  4  5  6  7  8  9 10 11 |
---------------+----------------------------------+-----
Axes           | 2 3 4 5 6 7 9 10 | 10.5
Throwing       | 2 4 |  4.2
Fighting       | 4 5 7 8 |  8.5
Armour         | 4 6 7 |  7.5
Dodging        | 1 |  1.7
Invocations    | 4 5 |  5.3
Shields        | 4 5 |  5.0

Action                   |  1- 3 |  4- 6 |  7- 9 | 10-12 || total
-------------------------+-------+-------+-------+-------++-------
Melee: War axe           |   122 |   114 |   326 |   136 ||   698
Throw: Javelin           |       |    15 |    61 |    24 ||   100
       Boomerang         |       |     1 |     5 |     6 ||    12
Invok: Heroism           |       |       |     8 |    13 ||    21
  Use: Scroll            |     3 |     6 |     7 |     6 ||    22
       Potion            |     1 |     1 |     1 |       ||     3
Armor: Scale mail        |    75 |    61 |       |       ||   136
       Plate armour      |       |    26 |   244 |    85 ||   355
Dodge: Dodged            |    67 |    51 |   133 |    77 ||   328
Block: Buckler           |    30 |    14 |    70 |    37 ||   151

Table legend:
 A = Non-vault XP
 B = Vault XP
 C = Vault XP percentage of total XP
 D = Non-vault monster count
 E = Vault monster count
 F = Vault count percentage of total count
                 A         B        C        D         E       F
            +---------+---------+-------+---------+---------+-------
      Total |    9665 |     705 |   6.8 |     179 |      28 |  13.5
            +---------+---------+-------+---------+---------+-------
        D:1 |      44 |       0 |   0.0 |      24 |       0 |   0.0
        D:2 |      39 |      98 |  71.5 |      10 |      12 |  54.5
        D:3 |     198 |       0 |   0.0 |      21 |       0 |   0.0
        D:4 |     468 |     212 |  31.2 |      23 |       9 |  28.1
        D:5 |     368 |       0 |   0.0 |      10 |       0 |   0.0
        D:6 |    1089 |      17 |   1.5 |      17 |       2 |  10.5
        D:7 |    1774 |     378 |  17.6 |      19 |       5 |  20.8
        D:8 |    1056 |       0 |   0.0 |      16 |       0 |   0.0
        D:9 |    2790 |       0 |   0.0 |      14 |       0 |   0.0
       D:10 |    1839 |       0 |   0.0 |      25 |       0 |   0.0
            +---------+---------+-------+---------+---------+-------
